 Dungeon Crawl Stone Soup version 0.28.0-53-g5a82cb258f (webtiles) character file.

Game seed: 380732809611182643

326 Zeld the Ogre Mage (level 6, -1/53 HPs)
             Began as an Ogre Fire Elementalist on June 6, 2022.
             Slain by a wyvern zombie (9 damage)
             ... on level 5 of the Dungeon.
             The game lasted 00:01:57 (2934 turns).

Zeld the Ogre Mage (Ogre Fire Elementalist)         Turns: 2934, Time: 00:01:58

Health: -1/53      AC:  3    Str: 13    XL:     6   Next: 49%
Magic:  0/13       EV: 10    Int: 18    God:
Gold:   116        SH:  0    Dex:  9    Spells: 4/14 levels left

rFire   . . .      SeeInvis .   d - +2 dagger (holy)
rCold   . . .      Faith    .   (no shield)
rNeg    . . .      Spirit   .   a - +0 robe
rPois   .          Reflect  .   (helmet restricted)
rElec   .          Harm     .   (no cloak)
rCorr   .          Rampage  .   (gloves unavailable)
Will    .....                   (boots unavailable)
Stlth   +.........              e - amulet of magic regeneration
HPRegen 0.17/turn               (no ring)
MPRegen 0.53/turn               (no ring)

@: no status effects
A: large, unfitting armour, tough skin 1
a: no special abilities


You were on level 5 of the Dungeon.
You visited 1 branch of the dungeon, and saw 5 of its levels.

You collected 116 gold pieces.

Inventory:

Hand Weapons
 d - a +2 dagger of holy wrath (weapon)
Armour
 a - a +0 robe (worn)
Jewellery
 e - an amulet of magic regeneration (around neck)
Scrolls
 b - a scroll of identify {unknown}
 c - 2 scrolls of fear {unknown}
 f - a scroll of holy word {unknown}
 h - a scroll of vulnerability {unknown}
Potions
 g - a potion of lignification {unknown}
 i - 2 potions of brilliance {unknown}


   Skills:
 + Level 2.9 Dodging
 - Level 1.4 Stealth
 * Level 4.6 Spellcasting
 + Level 2.3 Conjurations
 * Level 4.2 Fire Magic


You had 4 spell levels left.
You knew the following spells:

 Your Spells              Type           Power      Damage    Failure   Level
a - Foxfire               Conj/Fire      64%        2x1d7     3%          1
b - Scorch                Fire           38%        2d7       3%          2
c - Inner Flame           Hex/Fire       11%        N/A       17%         3
d - Flame Wave            Conj/Fire      16%        2d6       34%         4

Your spell library contained the following spells:

 Spells                   Type           Power      Damage    Failure   Level
 Conjure Flame            Conj/Fire      16%        6-21      11%         3
 Animate Skeleton         Necr           8%         N/A       14%         1
 Pain                     Necr           16%        1d4       14%         1
 Vampiric Draining        Necr           4%         2d6       38%         3


Dungeon Overview and Level Annotations

Branches:
Dungeon (5/15)
 Temple: D:4-7

Altars:

Shops:
D:1 =


Innate Abilities, Weirdness & Mutations

You are too large for most types of armour.
You have tough skin. (AC +1)


Message History

The wyvern zombie barely misses you.
Unknown command.
Casting: Scorch (safe; 3% risk of failure)
Confirm with . or Enter, or press ? or * to list all spells.
Flames lash the wyvern zombie.
The wyvern zombie is burned terribly!
The wyvern zombie is moderately damaged.
The wyvern zombie completely misses you.
Unknown command.
Casting: Scorch (safe; 3% risk of failure)
Confirm with . or Enter, or press ? or * to list all spells.
Flames lash the wyvern zombie.
The wyvern zombie is burned terribly!
The wyvern zombie is heavily damaged.
The wyvern zombie bites you.
The wyvern zombie bites you but does no damage.
Unknown command.
Casting: Scorch (safe; 3% risk of failure)
Confirm with . or Enter, or press ? or * to list all spells.
Flames lash the wyvern zombie.
The wyvern zombie is burned terribly!
The wyvern zombie is severely damaged.
The wyvern zombie bites you!
* * * LOW HITPOINT WARNING * * *
Unknown command.
Casting: Scorch (safe; 3% risk of failure)
Confirm with . or Enter, or press ? or * to list all spells.
Flames lash the wyvern zombie.
The wyvern zombie is burned terribly!
The wyvern zombie is severely damaged.
The wyvern zombie barely misses you.
Unknown command.
Casting: Scorch (safe; 3% risk of failure)
Confirm with . or Enter, or press ? or * to list all spells.
You conjure some foxfire!
The wyvern zombie bites you but does no damage.
Your foxfire dissipates!
The foxfire hits the wyvern zombie.
The wyvern zombie is severely damaged.
The wyvern zombie closely misses you.
Casting: Foxfire (safe; 3% risk of failure)
Confirm with . or Enter, or press ? or * to list all spells.
You conjure some foxfire!
The wyvern zombie bites you!
You die...

.........#
...............#
......#.......# # #
#..... .......## .#.#
#<...##.#......##...#
#....##......).....##
#>...# #<#.......
####..v.# #.#.......
......v@#######.........
####...§Z...............
#....#########.......
###### .....[. ####.## #


You could see a wyvern zombie (combustible, ally target).

Vanquished Creatures
  Grinder (D:3)
  A hound (D:5)
  An orc priest (D:5)
  Terence (D:3)
  A dart slug (D:2)
  4 orcs
  An endoplasm (D:3)
  A goblin (D:1)
  A hobgoblin (D:2)
  4 jackals (D:3)
  4 kobolds
  A quokka (D:1)
  5 ball pythons
  2 bats
  4 frilled lizards
  4 rats
36 creatures vanquished.

Vanquished Creatures (others)
  37 foxfires
37 creatures vanquished.

Grand Total: 73 creatures vanquished

Notes
Turn   | Place    | Note
-------+----------+-------------------------------------------
     0 | D:1      | Zeld the Ogre Fire Elementalist began the quest for the
                  | Orb.
     0 | D:1      | Reached XP level 1. HP: 16/16 MP: 3/3
   235 | D:1      | Found Zipof's Jewellery Boutique.
   324 | D:1      | Found a faded altar of an unknown god.
   460 | D:1      | Reached skill level 1 in Conjurations
   644 | D:1      | Reached XP level 2. HP: 16/24 MP: 3/5
   647 | D:1      | Learned a level 2 spell: Scorch
  1853 | D:3      | Reached XP level 3. HP: 11/31 MP: 3/7
  1857 | D:3      | Learned a level 3 spell: Inner Flame
  2212 | D:3      | Noticed Grinder
  2229 | D:3      | Paralysed by Grinder for 4 turns
  2235 | D:3      | Killed Grinder
  2236 | D:3      | Reached XP level 4. HP: 10/39 MP: 1/10
  2236 | D:3      | Reached XP level 5. HP: 11/45 MP: 1/11
  2236 | D:3      | Reached XP level 6. HP: 13/53 MP: 1/12
  2241 | D:3      | Learned a level 4 spell: Flame Wave
  2542 | D:3      | Noticed Terence
  2550 | D:3      | Killed Terence
  2907 | D:5      | Entered Level 5 of the Dungeon
  2934 | D:5      | Slain by a wyvern zombie

Illustrated notes

Levels and vault maps discovered:
D:1:      dpeg_arrival_castle, layout_loops_ring, serial_shops,
          nicolae_shop_trees, nicolae_ecumenical_lake_church
D:2:      layout_loops_ring
D:3:      layout_basic, chequers_serial_rivers_micro_a,
          wad_floor_pattern_untrapped, uniq_terence, uniq_grinder
D:4:      layout_cave_pods, mainiacjoe_overflow_alcove_4
D:5:      layout_rooms, lemuel_temple_firewalk_b, gammafunk_ghost_arena,
          dk_noncrumbling_4, minmay_misc_feat_doors

Skill      XL: |  1  2  3 |
---------------+----------+-----
Conjurations   | 1 2 |  2.3
Dodging        | 2 |  2.9
Fire Magic     | 3 4 |  4.2
Spellcasting   | 3 4 |  4.6
Stealth        | |  1.4

Action                   |  1- 3 |  4- 6 || total
-------------------------+-------+-------++-------
Melee: Dagger            |    30 |     1 ||    31
       Unarmed           |     1 |       ||     1
 Cast: Foxfire           |    25 |     2 ||    27
       Scorch            |    25 |    21 ||    46
 Stab: Sleeping          |       |     1 ||     1
Armor: Robe              |    22 |     7 ||    29
Dodge: Dodged            |    32 |    13 ||    45
